Sharks vs Sabres

Created - 4 décembre 2019 at 18:23

Goals
1 2 3 T
Sharks 2 0 0 2
Sabres 0 1 0 1
Shots
1 2 3 T
Sharks 11 16 7 34
Sabres 6 15 14 35

1st period

1. Sharks , Dylan Larkin 9 (Teuvo Teravainen 9, Darcy Kuemper) at 4:52
2. Sharks , Dylan Larkin 10 (Jonathan Drouin 14) at 19:44

Penalties :
No Penalty

2nd period

3. Sabres , Paul Stastny 13 (Rickard Rakell 8, Viktor Arvidsson 15) at 18:50

Penalties :
Jonathan Huberdeau (SJS) for High sticking (Minor) at 7:29

3rd period

No Goal

Penalties :
No Penalty

Goalie Stats

Darcy Kuemper (SJS), 34 saves from 35 shots - (0,971), W, 13-6-2, 60:00 minutes
Martin Jones (BUF), 32 saves from 34 shots - (0,941), L, 7-6-1, 58:37 minutes

Players Stats for Sharks

Player Name              G  A  P  +/- PIM S  H  SB GA TA FO     MP     PP MP  PK MP  
------------------------------------------------------------------------------------
Alex Pietrangelo         0  0  0   1  0   2  3  3  0  0  0/0    21:23   0:00   1:19 
Andreas Johnsson         0  0  0   0  0   2  1  0  0  2  0/0    17:39   0:00   0:00 
Boone Jenner             0  0  0   0  0   1  0  0  0  0  4/9    17:49   0:00   0:59 
Colton Sceviour          0  0  0   1  0   1  0  1  0  0  0/1    20:20   0:00   0:24 
Dylan Larkin             2  0  2   1  0   3  4  1  2  2  10/23  18:06   0:00   0:40 
Gabriel Landeskog        0  0  0   0  0   5  1  0  1  0  1/1    18:17   0:00   0:21 
Jonathan Drouin          0  1  1   0  0   1  2  0  0  0  0/0    18:07   0:00   0:48 
Jonathan Huberdeau       0  0  0   0  2   1  3  1  0  1  0/0    18:59   0:00   0:00 
Justin Braun             0  0  0  -1  0   1  1  0  0  2  0/0    21:17   0:00   0:40 
Kenny Agostino           0  0  0   0  0   0  0  0  0  0  0/0     6:05   0:00   0:00 
Mark Borowiecki          0  0  0   1  0   2  2  2  0  3  0/0    18:40   0:00   0:40 
Michael Raffl            0  0  0   0  0   0  1  0  0  0  0/0     0:16   0:00   0:00 
Robert Thomas            0  0  0   0  0   0  0  0  0  0  1/4     6:05   0:00   0:00 
Shea Theodore            0  0  0   1  0   2  0  0  0  1  0/0    23:00   0:00   1:19 
Sidney Crosby            0  0  0   0  0   7  1  2  0  0  9/13   17:58   0:00   0:00 
Teuvo Teravainen         0  1  1   1  0   3  1  1  1  0  1/1    18:19   0:00   0:46 
Tyson Barrie             0  0  0   1  0   1  0  1  0  0  0/0    15:43   0:00   0:00 
Zach Werenski            0  0  0  -1  0   2  0  2  1  0  0/0    19:57   0:00   0:00 

Players Stats for Sabres

Player Name              G  A  P  +/- PIM S  H  SB GA TA FO     MP     PP MP  PK MP  
------------------------------------------------------------------------------------
Andre Burakovsky         0  0  0   0  0   0  0  0  0  0  0/1    12:18   0:00   0:00 
Andrew Copp              0  0  0   0  0   1  3  0  0  0  3/5    13:36   0:00   0:00 
Andrew MacDonald         0  0  0   0  0   0  0  0  0  0  0/0    16:51   0:00   0:00 
Clayton Keller           0  0  0  -2  0   5  0  0  0  0  0/1    15:00   0:00   0:00 
David Backes             0  0  0   0  0   2  1  0  1  0  3/10   12:18   0:00   0:00 
Erik Gudbranson          0  0  0   0  0   1  2  3  0  0  0/0    15:56   0:00   0:00 
Filip Hronek             0  0  0  -1  0   0  3  1  1  0  0/0    22:07   0:46   0:00 
Ivan Provorov            0  0  0   0  0   0  1  0  0  1  0/0    20:52   0:46   0:00 
Joonas Donskoi           0  0  0   0  0   2  1  0  1  0  0/0    13:36   0:00   0:00 
Josh Anderson            0  0  0  -2  0   2  1  1  0  0  0/1    17:17   1:02   0:00 
Kevin Hayes              0  0  0  -2  0   5  1  0  0  0  7/11   15:57   0:57   0:00 
Kevin Shattenkirk        0  0  0   0  0   0  0  3  0  1  0/0    21:02   1:13   0:00 
Paul Stastny             1  0  1   1  0   6  1  0  1  0  13/21  18:09   1:02   0:00 
Rickard Rakell           0  1  1   1  0   2  1  0  0  0  0/1    16:49   0:57   0:00 
Roman Josi               0  0  0  -1  0   3  0  3  1  1  0/0    23:12   1:13   0:00 
Tyler Ennis              0  0  0   0  0   2  1  0  2  1  0/0    12:18   0:00   0:00 
Viktor Arvidsson         0  1  1   1  0   2  1  0  3  1  0/1    18:09   1:02   0:00 
Zach Hyman               0  0  0   0  0   2  1  1  1  0  0/0    14:33   0:57   0:00 

3 Stars

1 - Dylan Larkin (SJS)
2 - Darcy Kuemper (SJS)
3 - Martin Jones (BUF)

Power Play

Sharks - 0 on 0 Attempt(s) - 0,00%
Sabres - 0 on 1 Attempt(s) - 0,00%

Penalty Kill

Sharks - 1 on 1 Attempt(s) - 100,00% - Score 0 goal in Penalty Kill
Sabres - 0 on 0 Attempt(s) - 0,00% - Score 0 goal in Penalty Kill

Team Stat

Sharks - Hits : 20 - Faceoff Wins : 26 - Blocked Shots : 14 - Penalty Minutes : 2
Sabres - Hits : 18 - Faceoff Wins : 26 - Blocked Shots : 12 - Penalty Minutes : 0

Official

Referees : Tim Peel and Kevin Pollock
Linesman : Brian Mach and Scott Driscoll

Game Notes

No Game Note

Finance

Level 1 -- Attendance: 4877 (81,28%) -- Ticket Income 487 700 $
Level 2 -- Attendance: 3605 (72,10%) -- Ticket Income 223 510 $
Level 3 -- Attendance: 1017 (50,85%) -- Ticket Income 55 935 $
Level 4 -- Attendance: 2330 (58,25%) -- Ticket Income 69 900 $
Luxury Box -- Attendance: 995 (99,50%) -- Ticket Income 185 070 $
Game was played at the First Niagara Center.
Total Attendance: 12824 (71,24%)
Total Ticket Income: 1 022 115 $
Other Income: 500 836 $
Total Income: 1 522 951 $

Sharks

5 vs 5 Forward 
   Center                   Left Wing                Right Wing               Time % Phy DF OF 
 1 Sidney Crosby            Andreas Johnsson         Jonathan Huberdeau       34     0   1  4  
 2 Boone Jenner             Gabriel Landeskog        Jonathan Drouin          33     0   1  4  
 3 Dylan Larkin             Teuvo Teravainen         Colton Sceviour          33     0   1  4  
 4 Robert Thomas            Kenny Agostino           Colton Sceviour          0      0   4  1  

5 vs 5 Defense 
   Defense                  Defense                                           Time % Phy DF OF 
 1 Alex Pietrangelo         Shea Theodore                                     35     0   2  3  
 2 Justin Braun             Zach Werenski                                     35     0   2  3  
 3 Tyson Barrie             Mark Borowiecki                                   25     0   3  2  
 4 Mark Borowiecki          Shea Theodore                                     5      0   3  2  

PowerPlay Forward 
   Center                   Left Wing                Right Wing               Time % Phy DF OF 
 1 Sidney Crosby            Gabriel Landeskog        Jonathan Drouin          55     0   0  5  
 2 Dylan Larkin             Teuvo Teravainen         Jonathan Huberdeau       45     0   1  4  

PowerPlay Defense
   Defense                  Defense                                           Time % Phy DF OF 
 1 Alex Pietrangelo         Shea Theodore                                     55     0   1  4  
 2 Zach Werenski            Tyson Barrie                                      45     0   1  4  

Penalty Kill 4 Players Forward 
   Center                   Wing                     Time % Phy DF OF 
 1 Boone Jenner             Jonathan Huberdeau       55     0   5  0  
 2 Dylan Larkin             Colton Sceviour          45     0   5  0  

Penalty Kill 4 Players Defense
   Defense                  Defense                  Time % Phy DF OF 
 1 Alex Pietrangelo         Shea Theodore            55     0   5  0  
 2 Mark Borowiecki          Justin Braun             45     0   5  0  

Penalty Kill - 3 Players Forward 
   Forward                                           Time % Phy DF OF 
 1 Boone Jenner                                      55     0   5  0  
 2 Dylan Larkin                                      45     0   5  0  

Penalty Kill - 3 Players Defense
   Defense                  Defense                  Time % Phy DF OF 
 1 Alex Pietrangelo         Shea Theodore            55     0   5  0  
 2 Mark Borowiecki          Justin Braun             45     0   5  0  

4 vs 4 Forward 
   Center                   Wing                     Time % Phy DF OF 
 1 Gabriel Landeskog        Dylan Larkin             55     0   2  3  
 2 Jonathan Huberdeau       Jonathan Drouin          45     0   2  3  

4 vs 4 Defense
   Defense                  Defense                  Time % Phy DF OF 
 1 Alex Pietrangelo         Shea Theodore            55     0   3  2  
 2 Justin Braun             Mark Borowiecki          45     0   3  2  

Last Minutes Offensive
   Center                   Left Wing                Right Wing               Defense                  Defense                  
   Sidney Crosby            Gabriel Landeskog        Jonathan Huberdeau       Alex Pietrangelo         Justin Braun             

Last Minutes Defensive
   Center                   Left Wing                Right Wing               Defense                  Defense                  
   Dylan Larkin             Gabriel Landeskog        Jonathan Huberdeau       Alex Pietrangelo         Justin Braun             

Goaltenders
Starting : Darcy Kuemper            
Backup : Jake Allen               

Extra Forwards
Normal : Andreas Johnsson, Sidney Crosby, Teuvo Teravainen - PP : Andreas Johnsson, Sidney Crosby - PK : Teuvo Teravainen
Extra Defensemen
Normal : Justin Braun, Shea Theodore, Zach Werenski - PP : Alex Pietrangelo - PK : Shea Theodore, Alex Pietrangelo
Penalty Shots
Gabriel Landeskog, Dylan Larkin, Jonathan Huberdeau, Teuvo Teravainen, Boone Jenner
Custom OT Lines Forwards
Sidney Crosby, Dylan Larkin, Jonathan Huberdeau, Teuvo Teravainen, Boone Jenner, Jonathan Drouin, Andreas Johnsson, Kenny Agostino, Robert Thomas, Gabriel Landeskog
Custom OT Lines Defensemen
Alex Pietrangelo, Justin Braun, Zach Werenski, Shea Theodore, Mark Borowiecki

Scratches
Mirco Mueller (Healthy)

Sabres

5 vs 5 Forward 
   Center                   Left Wing                Right Wing               Time % Phy DF OF 
 1 Paul Stastny             Viktor Arvidsson         Rickard Rakell           30     0   2  3  
 2 Kevin Hayes              Clayton Keller           Josh Anderson            27     0   2  3  
 3 Andrew Copp              Joonas Donskoi           Zach Hyman               23     0   2  3  
 4 David Backes             Andre Burakovsky         Tyler Ennis              20     0   3  2  

5 vs 5 Defense 
   Defense                  Defense                                           Time % Phy DF OF 
 1 Roman Josi               Filip Hronek                                      38     0   3  2  
 2 Ivan Provorov            Kevin Shattenkirk                                 35     0   3  2  
 3 Andrew MacDonald         Erik Gudbranson                                   27     0   3  2  
 4 Andrew MacDonald         Erik Gudbranson                                   0      0   3  2  

PowerPlay Forward 
   Center                   Left Wing                Right Wing               Time % Phy DF OF 
 1 Paul Stastny             Josh Anderson            Viktor Arvidsson         60     0   0  5  
 2 Kevin Hayes              Rickard Rakell           Zach Hyman               40     0   0  5  

PowerPlay Defense
   Defense                  Defense                                           Time % Phy DF OF 
 1 Roman Josi               Kevin Shattenkirk                                 59     0   1  4  
 2 Filip Hronek             Ivan Provorov                                     41     0   1  4  

Penalty Kill 4 Players Forward 
   Center                   Wing                     Time % Phy DF OF 
 1 Andrew Copp              Zach Hyman               65     0   4  1  
 2 Kevin Hayes              Josh Anderson            35     1   4  0  

Penalty Kill 4 Players Defense
   Defense                  Defense                  Time % Phy DF OF 
 1 Andrew MacDonald         Erik Gudbranson          65     0   5  0  
 2 Ivan Provorov            Roman Josi               35     0   5  0  

Penalty Kill - 3 Players Forward 
   Forward                                           Time % Phy DF OF 
 1 Andrew Copp                                       60     0   5  0  
 2 Kevin Hayes                                       40     0   5  0  

Penalty Kill - 3 Players Defense
   Defense                  Defense                  Time % Phy DF OF 
 1 Erik Gudbranson          Andrew MacDonald         60     0   5  0  
 2 Ivan Provorov            Roman Josi               40     0   5  0  

4 vs 4 Forward 
   Center                   Wing                     Time % Phy DF OF 
 1 Andrew Copp              Joonas Donskoi           50     1   1  3  
 2 David Backes             Andre Burakovsky         50     1   1  3  

4 vs 4 Defense
   Defense                  Defense                  Time % Phy DF OF 
 1 Andrew MacDonald         Filip Hronek             50     1   2  2  
 2 Roman Josi               Kevin Shattenkirk        50     1   2  2  

Last Minutes Offensive
   Center                   Left Wing                Right Wing               Defense                  Defense                  
   Paul Stastny             Viktor Arvidsson         Josh Anderson            Roman Josi               Ivan Provorov            

Last Minutes Defensive
   Center                   Left Wing                Right Wing               Defense                  Defense                  
   Kevin Hayes              Josh Anderson            Zach Hyman               Andrew MacDonald         Ivan Provorov            

Goaltenders
Starting : Martin Jones             
Backup : James Reimer             

Extra Forwards
Normal : Joonas Donskoi, Zach Hyman, Rickard Rakell - PP : Tyler Ennis, Joonas Donskoi - PK : Paul Stastny
Extra Defensemen
Normal : Kevin Shattenkirk, Filip Hronek, Ivan Provorov - PP : Erik Gudbranson - PK : Filip Hronek, Ivan Provorov
Penalty Shots
Kevin Shattenkirk, Andrew MacDonald, Erik Gudbranson, Roman Josi, Andrew Copp
Custom OT Lines Forwards
Kevin Hayes, Paul Stastny, Viktor Arvidsson, Rickard Rakell, Clayton Keller, Zach Hyman, Josh Anderson, Andre Burakovsky, Tyler Ennis, Andrew Copp
Custom OT Lines Defensemen
Roman Josi, Filip Hronek, Erik Gudbranson, Kevin Shattenkirk, Andrew MacDonald

Scratches
Rasmus Dahlin (Healthy), Pheonix Copley (Healthy)

% Time on Ice - Sharks

Lines # - Real PCT - Wanted PCT - Time Play
Normal Forward
1 - 31% - 34% - 17:33
2 - 30% - 33% - 17:21
3 - 29% - 33% - 16:22
4 - 11% - 0% - 6:05
Normal Defense
1 - 34% - 35% - 19:24
2 - 35% - 35% - 19:57
3 - 27% - 25% - 15:43
4 - 4% - 5% - 2:17
PP Forward
1 - 0% - 55%
2 - 0% - 45%
PP Defense
1 - 0% - 55%
2 - 0% - 45%
PK Forward
1 - 80% - 55% - 1:35
2 - 20% - 45% - 0:24
PK Defense
1 - 66% - 55% - 1:19
2 - 34% - 45% - 0:40
PK3 Forward
1 - 0% - 55%
2 - 0% - 45%
PK3 Defense
1 - 0% - 55%
2 - 0% - 45%
44 Forward
1 - 0% - 55%
2 - 0% - 45%
44 Defense
1 - 0% - 55%
2 - 0% - 45%
Last Minute Offensive  - 0:00
Last Minute Defensive  - 0:40
Total
Forward - 60:00
Defense - 60:00

% Time on Ice - Sabres

Lines # - Real PCT - Wanted PCT - Time Play
Normal Forward
1 - 28% - 30% - 15:53
2 - 26% - 27% - 15:00
3 - 24% - 23% - 13:36
4 - 22% - 20% - 12:18
Normal Defense
1 - 37% - 38% - 20:45
2 - 35% - 35% - 20:06
3 - 27% - 27% - 15:14
4 - 1% - 0% - 0:42
PP Forward
1 - 52% - 60% - 1:02
2 - 48% - 40% - 0:57
PP Defense
1 - 61% - 59% - 1:13
2 - 39% - 41% - 0:46
PK Forward
1 - 0% - 65%
2 - 0% - 35%
PK Defense
1 - 0% - 65%
2 - 0% - 35%
PK3 Forward
1 - 0% - 60%
2 - 0% - 40%
PK3 Defense
1 - 0% - 60%
2 - 0% - 40%
44 Forward
1 - 0% - 50%
2 - 0% - 50%
44 Defense
1 - 0% - 50%
2 - 0% - 50%
Last Minute Offensive  - 1:14
Last Minute Defensive  - 0:00
Total
Forward - 60:00
Defense - 60:00

Play-by-Play

1st period


0:01 of 1st period - Paul Stastny wins face-off versus Sidney Crosby in neutral zone.
0:08 of 1st period - Slapshot by Paul Stastny.
0:08 of 1st period - Stopped by Darcy Kuemper with a rebound.
0:10 of 1st period - Snap shot by Rickard Rakell.
0:10 of 1st period - Stopped by Darcy Kuemper with a rebound.
0:12 of 1st period - Slapshot by Roman Josi.
0:12 of 1st period - Stopped by Darcy Kuemper without a rebound.
0:13 of 1st period - Kevin Hayes wins face-off versus Boone Jenner in Sharks zone.
1:12 of 1st period - Snap shot by Jonathan Huberdeau.
1:12 of 1st period - Shot Blocked by Erik Gudbranson.
1:44 of 1st period - Snap shot by Kevin Hayes.
1:44 of 1st period - Stopped by Darcy Kuemper with a rebound.
3:02 of 1st period - Off-side.
3:03 of 1st period - Robert Thomas wins face-off versus Paul Stastny in neutral zone.
3:44 of 1st period - Justin Braun is hit by Andrew Copp and loses puck.
4:11 of 1st period - Boone Jenner is hit by Erik Gudbranson.
4:25 of 1st period - Slapshot by Tyler Ennis.
4:25 of 1st period - Shot Blocked by Alex Pietrangelo.
4:52 of 1st period - Snap shot by Dylan Larkin.
4:52 of 1st period - Goal by Dylan Larkin - Sharks : 1 - Sabres : 0.
4:53 of 1st period - Andrew Copp wins face-off versus Dylan Larkin in neutral zone.
5:30 of 1st period - Snap shot by Sidney Crosby.
5:30 of 1st period - Stopped by Martin Jones with a rebound.
5:32 of 1st period - Slapshot by Zach Werenski.
5:32 of 1st period - Shot Misses the Net.
6:12 of 1st period - Andrew Copp is hit by Jonathan Drouin and loses puck.
6:30 of 1st period - Snap shot by Gabriel Landeskog.
6:30 of 1st period - Shot Misses the Net.
6:48 of 1st period - Wrist shot by Gabriel Landeskog.
6:48 of 1st period - Stopped by Martin Jones without a rebound.
6:49 of 1st period - Dylan Larkin wins face-off versus Paul Stastny in Sabres zone.
7:22 of 1st period - Ivan Provorov is hit by Jonathan Huberdeau and loses puck.
7:29 of 1st period - Filip Hronek is hit by Sidney Crosby.
7:57 of 1st period - Wrist shot by Sidney Crosby.
7:57 of 1st period - Deflect By Jonathan Huberdeau.
7:57 of 1st period - Deflect By David Backes.
7:57 of 1st period - Shot Misses the Net.
7:57 of 1st period - Puck is out of play.
7:58 of 1st period - Dylan Larkin wins face-off versus David Backes in Sabres zone.
8:05 of 1st period - Mark Borowiecki is hit by Filip Hronek and loses puck.
8:12 of 1st period - Roman Josi is hit by Dylan Larkin and loses puck.
8:44 of 1st period - Snap shot by Gabriel Landeskog.
8:44 of 1st period - Stopped by Martin Jones with a rebound.
9:02 of 1st period - Snap shot by Joonas Donskoi.
9:02 of 1st period - Shot Blocked by Sidney Crosby.
9:04 of 1st period - Slapshot by Roman Josi.
9:04 of 1st period - Shot Misses the Net.
9:06 of 1st period - Slapshot by Andrew Copp.
9:06 of 1st period - Stopped by Darcy Kuemper without a rebound.
9:07 of 1st period - Paul Stastny wins face-off versus Boone Jenner in Sharks zone.
9:55 of 1st period - Ivan Provorov is hit by Jonathan Huberdeau and loses puck.
10:05 of 1st period - Off-side.
10:06 of 1st period - Dylan Larkin wins face-off versus Paul Stastny in neutral zone.
10:09 of 1st period - Erik Gudbranson is hit by Alex Pietrangelo.
10:13 of 1st period - Erik Gudbranson is hit by Alex Pietrangelo and loses puck.
10:20 of 1st period - Snap shot by Teuvo Teravainen.
10:20 of 1st period - Stopped by Martin Jones without a rebound.
10:21 of 1st period - Sidney Crosby wins face-off versus David Backes in Sabres zone.
10:52 of 1st period - Wrist shot by Joonas Donskoi.
10:52 of 1st period - Stopped by Darcy Kuemper with a rebound.
11:11 of 1st period - Wrist shot by Dylan Larkin.
11:11 of 1st period - Stopped by Martin Jones with a rebound.
11:13 of 1st period - Slapshot by Shea Theodore.
11:13 of 1st period - Shot Misses the Net.
11:15 of 1st period - Snap shot by Colton Sceviour.
11:15 of 1st period - Shot Misses the Net.
11:17 of 1st period - Wrist shot by Colton Sceviour.
11:17 of 1st period - Stopped by Martin Jones with a rebound.
11:41 of 1st period - Snap shot by Teuvo Teravainen.
11:41 of 1st period - Stopped by Martin Jones without a rebound.
11:42 of 1st period - Paul Stastny wins face-off versus Sidney Crosby in Sabres zone.
12:02 of 1st period - Paul Stastny is hit by Andreas Johnsson and loses puck.
12:13 of 1st period - Snap shot by Gabriel Landeskog.
12:13 of 1st period - Shot Misses the Net.
15:06 of 1st period - Andre Burakovsky is hit by Justin Braun and loses puck.
15:13 of 1st period - Dylan Larkin is hit by David Backes and loses puck.
16:15 of 1st period - Snap shot by Viktor Arvidsson.
16:15 of 1st period - Shot Misses the Net.
17:15 of 1st period - Jonathan Huberdeau is hit by Filip Hronek and loses puck.
17:40 of 1st period - Colton Sceviour is hit by Joonas Donskoi and loses puck.
17:54 of 1st period - Icing by Roman Josi.
17:55 of 1st period - Kevin Hayes wins face-off versus Boone Jenner in Sabres zone.
18:08 of 1st period - Backhand shot by Jonathan Drouin.
18:08 of 1st period - Shot Blocked by Josh Anderson.
18:33 of 1st period - Jonathan Huberdeau is hit by Paul Stastny and loses puck.
19:16 of 1st period - Slapshot by Zach Werenski.
19:16 of 1st period - Stopped by Martin Jones with a rebound.
19:18 of 1st period - Slapshot by Colton Sceviour.
19:18 of 1st period - Shot Blocked by Erik Gudbranson.
19:42 of 1st period - Slapshot by Dylan Larkin.
19:42 of 1st period - Shot Misses the Net.
19:44 of 1st period - Snap shot by Dylan Larkin.
19:44 of 1st period - Goal by Dylan Larkin - Sharks : 2 - Sabres : 0.
19:45 of 1st period - Dylan Larkin wins face-off versus Rickard Rakell in neutral zone.
19:48 of 1st period - Slapshot by Shea Theodore.
19:48 of 1st period - Stopped by Martin Jones without a rebound.
19:49 of 1st period - Paul Stastny wins face-off versus Dylan Larkin in Sabres zone.
Goals for this period are 2 for Sharks vs 0 for Sabres.
Shots for this period are 11 for Sharks vs 6 for Sabres.

2nd period


0:01 of 2nd period - Paul Stastny wins face-off versus Colton Sceviour in neutral zone.
0:04 of 2nd period - Dylan Larkin is hit by Rickard Rakell and loses puck.
0:11 of 2nd period - Snap shot by Viktor Arvidsson.
0:11 of 2nd period - Shot Blocked by Alex Pietrangelo.
0:13 of 2nd period - Slapshot by Kevin Shattenkirk.
0:13 of 2nd period - Shot Misses the Net.
0:15 of 2nd period - Snap shot by Viktor Arvidsson.
0:15 of 2nd period - Stopped by Darcy Kuemper without a rebound.
0:16 of 2nd period - Kevin Hayes wins face-off versus Sidney Crosby in Sharks zone.
0:21 of 2nd period - Snap shot by Clayton Keller.
0:21 of 2nd period - Shot Misses the Net.
0:23 of 2nd period - Snap shot by Josh Anderson.
0:23 of 2nd period - Shot Blocked by Zach Werenski.
0:25 of 2nd period - Wrist shot by Clayton Keller.
0:25 of 2nd period - Stopped by Darcy Kuemper with a rebound.
0:27 of 2nd period - Slapshot by Roman Josi.
0:27 of 2nd period - Stopped by Darcy Kuemper without a rebound.
0:28 of 2nd period - Sidney Crosby wins face-off versus David Backes in Sharks zone.
1:06 of 2nd period - Wrist shot by Jonathan Drouin.
1:06 of 2nd period - Shot Blocked by Kevin Shattenkirk.
1:18 of 2nd period - Snap shot by Roman Josi.
1:18 of 2nd period - Shot Misses the Net.
1:20 of 2nd period - Snap shot by Roman Josi.
1:20 of 2nd period - Deflect By Zach Hyman.
1:20 of 2nd period - Stopped by Darcy Kuemper without a rebound.
1:21 of 2nd period - Dylan Larkin wins face-off versus Andrew Copp in Sharks zone.
1:37 of 2nd period - Icing by Andrew Copp.
1:38 of 2nd period - Sidney Crosby wins face-off versus Andrew Copp in Sabres zone.
1:56 of 2nd period - Joonas Donskoi is hit by Alex Pietrangelo and loses puck.
2:54 of 2nd period - Andrew MacDonald is hit by Jonathan Huberdeau and loses puck.
3:16 of 2nd period - Snap shot by Clayton Keller.
3:16 of 2nd period - Stopped by Darcy Kuemper with a rebound.
4:12 of 2nd period - Wrist shot by Paul Stastny.
4:12 of 2nd period - Stopped by Darcy Kuemper with a rebound.
4:26 of 2nd period - Snap shot by Rickard Rakell.
4:26 of 2nd period - Shot Blocked by Zach Werenski.
4:28 of 2nd period - Wrist shot by Paul Stastny.
4:28 of 2nd period - Shot Misses the Net.
4:46 of 2nd period - Wrist shot by Rickard Rakell.
4:46 of 2nd period - Stopped by Darcy Kuemper without a rebound.
4:47 of 2nd period - Sidney Crosby wins face-off versus Kevin Hayes in Sharks zone.
5:00 of 2nd period - Snap shot by Sidney Crosby.
5:00 of 2nd period - Shot Blocked by Filip Hronek.
5:02 of 2nd period - Snap shot by Andreas Johnsson.
5:02 of 2nd period - Stopped by Martin Jones without a rebound.
5:03 of 2nd period - Dylan Larkin wins face-off versus David Backes in Sabres zone.
5:04 of 2nd period - Snap shot by Teuvo Teravainen.
5:04 of 2nd period - Stopped by Martin Jones without a rebound.
5:05 of 2nd period - David Backes wins face-off versus Dylan Larkin in Sabres zone.
5:12 of 2nd period - Wrist shot by David Backes.
5:12 of 2nd period - Stopped by Darcy Kuemper without a rebound.
5:13 of 2nd period - David Backes wins face-off versus Dylan Larkin in Sharks zone.
5:14 of 2nd period - Wrist shot by Tyler Ennis.
5:14 of 2nd period - Stopped by Darcy Kuemper without a rebound.
5:15 of 2nd period - Teuvo Teravainen wins face-off versus Kevin Hayes in Sharks zone.
5:50 of 2nd period - Icing by Tyson Barrie.
5:51 of 2nd period - Sidney Crosby wins face-off versus David Backes in Sharks zone.
6:10 of 2nd period - Slapshot by Sidney Crosby.
6:10 of 2nd period - Shot Misses the Net.
6:12 of 2nd period - Slapshot by Mark Borowiecki.
6:12 of 2nd period - Shot Misses the Net.
6:14 of 2nd period - Wrist shot by Andreas Johnsson.
6:14 of 2nd period - Shot Blocked by Erik Gudbranson.
6:16 of 2nd period - Slapshot by Tyson Barrie.
6:16 of 2nd period - Stopped by Martin Jones with a rebound.
6:18 of 2nd period - Backhand shot by Andreas Johnsson.
6:18 of 2nd period - Stopped by Martin Jones with a rebound.
6:20 of 2nd period - Slapshot by Mark Borowiecki.
6:20 of 2nd period - Stopped by Martin Jones with a rebound.
6:22 of 2nd period - Slapshot by Mark Borowiecki.
6:22 of 2nd period - Stopped by Martin Jones without a rebound.
6:23 of 2nd period - Dylan Larkin wins face-off versus Kevin Hayes in Sabres zone.
6:26 of 2nd period - Snap shot by Teuvo Teravainen.
6:26 of 2nd period - Deflect By Dylan Larkin.
6:26 of 2nd period - Shot Blocked by Roman Josi.
6:26 of 2nd period - Puck is out of play.
6:27 of 2nd period - Dylan Larkin wins face-off versus Kevin Hayes in Sabres zone.
6:28 of 2nd period - Backhand shot by Teuvo Teravainen.
6:28 of 2nd period - Shot Blocked by Roman Josi.
6:42 of 2nd period - Snap shot by Clayton Keller.
6:42 of 2nd period - Shot Blocked by Dylan Larkin.
6:44 of 2nd period - Wrist shot by Roman Josi.
6:44 of 2nd period - Shot Blocked by Colton Sceviour.
7:29 of 2nd period - Minor Penalty to Jonathan Huberdeau for High sticking.
7:30 of 2nd period - Boone Jenner wins face-off versus Paul Stastny in Sharks zone.
8:01 of 2nd period - Mark Borowiecki is hit by Kevin Hayes.
9:29 of 2nd period - Penalty to Jonathan Huberdeau is over, Jonathan Huberdeau is back on ice.
9:33 of 2nd period - Jonathan Huberdeau is hit by Ivan Provorov and loses puck.
9:40 of 2nd period - Andre Burakovsky is hit by Jonathan Drouin and loses puck.
9:45 of 2nd period - Slapshot by Gabriel Landeskog.
9:45 of 2nd period - Stopped by Martin Jones without a rebound.
9:46 of 2nd period - David Backes wins face-off versus Dylan Larkin in Sabres zone.
9:46 of 2nd period - David Backes is hit by Dylan Larkin.
9:54 of 2nd period - Wrist shot by Teuvo Teravainen.
9:54 of 2nd period - Shot Misses the Net.
10:51 of 2nd period - Mark Borowiecki is hit by Erik Gudbranson and loses puck.
10:56 of 2nd period - Wrist shot by Viktor Arvidsson.
10:56 of 2nd period - Shot Misses the Net.
10:58 of 2nd period - Slapshot by Paul Stastny.
10:58 of 2nd period - Stopped by Darcy Kuemper with a rebound.
11:00 of 2nd period - Slapshot by Andrew MacDonald.
11:00 of 2nd period - Shot Misses the Net.
11:22 of 2nd period - Wrist shot by Sidney Crosby.
11:22 of 2nd period - Stopped by Martin Jones without a rebound.
11:23 of 2nd period - Kevin Hayes wins face-off versus Boone Jenner in Sabres zone.
11:28 of 2nd period - Snap shot by Ivan Provorov.
11:28 of 2nd period - Shot Misses the Net.
12:15 of 2nd period - Slapshot by Gabriel Landeskog.
12:15 of 2nd period - Shot Misses the Net.
12:17 of 2nd period - Slapshot by Alex Pietrangelo.
12:17 of 2nd period - Stopped by Martin Jones with a rebound.
12:46 of 2nd period - Slapshot by Gabriel Landeskog.
12:46 of 2nd period - Stopped by Martin Jones with a rebound.
12:48 of 2nd period - Slapshot by Alex Pietrangelo.
12:48 of 2nd period - Shot Misses the Net.
12:50 of 2nd period - Wrist shot by Boone Jenner.
12:50 of 2nd period - Shot Misses the Net.
12:52 of 2nd period - Snap shot by Boone Jenner.
12:52 of 2nd period - Stopped by Martin Jones without a rebound.
12:53 of 2nd period - Paul Stastny wins face-off versus Dylan Larkin in Sabres zone.
13:20 of 2nd period - Andreas Johnsson is hit by Andrew Copp and loses puck.
13:45 of 2nd period - Snap shot by Robert Thomas.
13:45 of 2nd period - Shot Misses the Net.
17:06 of 2nd period - Robert Thomas is hit by Viktor Arvidsson and loses puck.
17:23 of 2nd period - Icing by Dylan Larkin.
17:24 of 2nd period - Kevin Hayes wins face-off versus Dylan Larkin in Sharks zone.
17:27 of 2nd period - Wrist shot by Clayton Keller.
17:27 of 2nd period - Deflect By Kevin Hayes.
17:27 of 2nd period - Stopped by Darcy Kuemper without a rebound.
17:28 of 2nd period - Paul Stastny wins face-off versus Sidney Crosby in Sharks zone.
17:59 of 2nd period - Slapshot by Clayton Keller.
17:59 of 2nd period - Stopped by Darcy Kuemper with a rebound.
18:01 of 2nd period - Snap shot by Clayton Keller.
18:01 of 2nd period - Stopped by Darcy Kuemper without a rebound.
18:02 of 2nd period - Kevin Hayes wins face-off versus Dylan Larkin in Sharks zone.
18:24 of 2nd period - Alex Pietrangelo is hit by Josh Anderson and loses puck.
18:36 of 2nd period - Off-side.
18:37 of 2nd period - Paul Stastny wins face-off versus Boone Jenner in neutral zone.
18:50 of 2nd period - Wrist shot by Paul Stastny.
18:50 of 2nd period - Goal by Paul Stastny - Sharks : 2 - Sabres : 1.
18:51 of 2nd period - Boone Jenner wins face-off versus Paul Stastny in neutral zone.
19:04 of 2nd period - Slapshot by Gabriel Landeskog.
19:04 of 2nd period - Shot Misses the Net.
19:23 of 2nd period - Slapshot by Zach Hyman.
19:23 of 2nd period - Stopped by Darcy Kuemper with a rebound.
19:25 of 2nd period - Slapshot by Filip Hronek.
19:25 of 2nd period - Deflect By Zach Hyman.
19:25 of 2nd period - Shot Blocked by Teuvo Teravainen.
19:25 of 2nd period - Puck is out of play.
19:26 of 2nd period - Sidney Crosby wins face-off versus Clayton Keller in Sharks zone.
19:33 of 2nd period - Wrist shot by Sidney Crosby.
19:33 of 2nd period - Stopped by Martin Jones with a rebound.
19:35 of 2nd period - Wrist shot by Sidney Crosby.
19:35 of 2nd period - Stopped by Martin Jones without a rebound.
19:36 of 2nd period - Sidney Crosby wins face-off versus Josh Anderson in Sabres zone.
19:53 of 2nd period - Slapshot by Sidney Crosby.
19:53 of 2nd period - Shot Misses the Net.
19:55 of 2nd period - Wrist shot by Jonathan Huberdeau.
19:55 of 2nd period - Stopped by Martin Jones with a rebound.
19:57 of 2nd period - Wrist shot by Alex Pietrangelo.
19:57 of 2nd period - Stopped by Martin Jones with a rebound.
19:59 of 2nd period - Slapshot by Shea Theodore.
19:59 of 2nd period - Deflect By Sidney Crosby.
19:59 of 2nd period - Stopped by Martin Jones with a rebound.
Goals for this period are 0 for Sharks vs 1 for Sabres.
Shots for this period are 16 for Sharks vs 15 for Sabres.

3rd period


0:01 of 3rd period - Paul Stastny wins face-off versus Dylan Larkin in neutral zone.
0:22 of 3rd period - Rickard Rakell is hit by Dylan Larkin and loses puck.
0:35 of 3rd period - Gabriel Landeskog is hit by Zach Hyman and loses puck.
0:57 of 3rd period - Off-side.
0:58 of 3rd period - Sidney Crosby wins face-off versus David Backes in neutral zone.
1:23 of 3rd period - Shea Theodore is hit by Tyler Ennis.
1:29 of 3rd period - Ivan Provorov is hit by Mark Borowiecki and loses puck.
1:40 of 3rd period - Snap shot by Sidney Crosby.
1:40 of 3rd period - Stopped by Martin Jones without a rebound.
1:41 of 3rd period - Paul Stastny wins face-off versus Dylan Larkin in Sabres zone.
2:06 of 3rd period - Mark Borowiecki is hit by Andrew Copp.
3:17 of 3rd period - Snap shot by Roman Josi.
3:17 of 3rd period - Stopped by Darcy Kuemper with a rebound.
3:33 of 3rd period - Snap shot by Andrew Copp.
3:33 of 3rd period - Shot Blocked by Alex Pietrangelo.
4:22 of 3rd period - Icing by David Backes.
4:23 of 3rd period - Paul Stastny wins face-off versus Robert Thomas in Sabres zone.
4:32 of 3rd period - Slapshot by Kenny Agostino.
4:32 of 3rd period - Shot Blocked by Kevin Shattenkirk.
4:34 of 3rd period - Slapshot by Kenny Agostino.
4:34 of 3rd period - Shot Misses the Net.
4:50 of 3rd period - Wrist shot by Sidney Crosby.
4:50 of 3rd period - Stopped by Martin Jones with a rebound.
4:52 of 3rd period - Wrist shot by Andreas Johnsson.
4:52 of 3rd period - Shot Misses the Net.
4:54 of 3rd period - Wrist shot by Andreas Johnsson.
4:54 of 3rd period - Shot Misses the Net.
5:25 of 3rd period - Jonathan Drouin is hit by Filip Hronek and loses puck.
5:32 of 3rd period - Snap shot by David Backes.
5:32 of 3rd period - Stopped by Darcy Kuemper without a rebound.
5:33 of 3rd period - Dylan Larkin wins face-off versus Paul Stastny in Sharks zone.
6:22 of 3rd period - Wrist shot by Jonathan Drouin.
6:22 of 3rd period - Stopped by Martin Jones with a rebound.
6:24 of 3rd period - Slapshot by Shea Theodore.
6:24 of 3rd period - Stopped by Martin Jones without a rebound.
6:25 of 3rd period - Boone Jenner wins face-off versus Paul Stastny in Sabres zone.
7:00 of 3rd period - Slapshot by Teuvo Teravainen.
7:00 of 3rd period - Shot Blocked by Zach Hyman.
7:02 of 3rd period - Slapshot by Justin Braun.
7:02 of 3rd period - Shot Blocked by Roman Josi.
7:04 of 3rd period - Slapshot by Zach Werenski.
7:04 of 3rd period - Stopped by Martin Jones with a rebound.
7:06 of 3rd period - Slapshot by Justin Braun.
7:06 of 3rd period - Stopped by Martin Jones with a rebound.
7:16 of 3rd period - Wrist shot by Clayton Keller.
7:16 of 3rd period - Shot Misses the Net.
7:18 of 3rd period - Slapshot by Josh Anderson.
7:18 of 3rd period - Shot Misses the Net.
7:20 of 3rd period - Slapshot by Filip Hronek.
7:20 of 3rd period - Shot Blocked by Sidney Crosby.
7:22 of 3rd period - Slapshot by Clayton Keller.
7:22 of 3rd period - Shot Misses the Net.
7:24 of 3rd period - Snap shot by Roman Josi.
7:24 of 3rd period - Shot Misses the Net.
7:26 of 3rd period - Slapshot by Kevin Hayes.
7:26 of 3rd period - Stopped by Darcy Kuemper with a rebound.
7:28 of 3rd period - Slapshot by Josh Anderson.
7:28 of 3rd period - Stopped by Darcy Kuemper without a rebound.
7:29 of 3rd period - Paul Stastny wins face-off versus Dylan Larkin in Sharks zone.
7:42 of 3rd period - Snap shot by Paul Stastny.
7:42 of 3rd period - Stopped by Darcy Kuemper with a rebound.
7:44 of 3rd period - Slapshot by Erik Gudbranson.
7:44 of 3rd period - Stopped by Darcy Kuemper with a rebound.
8:26 of 3rd period - Snap shot by Boone Jenner.
8:26 of 3rd period - Shot Misses the Net.
8:45 of 3rd period - Wrist shot by Tyler Ennis.
8:45 of 3rd period - Stopped by Darcy Kuemper without a rebound.
8:46 of 3rd period - Sidney Crosby wins face-off versus David Backes in Sharks zone.
9:07 of 3rd period - Snap shot by Jonathan Huberdeau.
9:07 of 3rd period - Shot Misses the Net.
9:09 of 3rd period - Slapshot by Mark Borowiecki.
9:09 of 3rd period - Shot Misses the Net.
9:31 of 3rd period - Snap shot by Jonathan Huberdeau.
9:31 of 3rd period - Shot Misses the Net.
9:40 of 3rd period - Off-side.
9:41 of 3rd period - Dylan Larkin wins face-off versus Paul Stastny in neutral zone.
9:56 of 3rd period - Slapshot by Rickard Rakell.
9:56 of 3rd period - Shot Misses the Net.
10:35 of 3rd period - Erik Gudbranson is hit by Mark Borowiecki and loses puck.
12:13 of 3rd period - Snap shot by Boone Jenner.
12:13 of 3rd period - Shot Misses the Net.
12:43 of 3rd period - Icing by Filip Hronek.
12:44 of 3rd period - Boone Jenner wins face-off versus Andre Burakovsky in Sabres zone.
13:07 of 3rd period - Snap shot by Paul Stastny.
13:07 of 3rd period - Shot Misses the Net.
13:09 of 3rd period - Snap shot by Roman Josi.
13:09 of 3rd period - Shot Blocked by Jonathan Huberdeau.
13:17 of 3rd period - Snap shot by Rickard Rakell.
13:17 of 3rd period - Shot Blocked by Mark Borowiecki.
13:19 of 3rd period - Snap shot by Paul Stastny.
13:19 of 3rd period - Stopped by Darcy Kuemper with a rebound.
13:39 of 3rd period - Snap shot by Kevin Hayes.
13:39 of 3rd period - Stopped by Darcy Kuemper with a rebound.
13:57 of 3rd period - Slapshot by Tyson Barrie.
13:57 of 3rd period - Shot Blocked by Kevin Shattenkirk.
14:57 of 3rd period - Snap shot by Gabriel Landeskog.
14:57 of 3rd period - Stopped by Martin Jones with a rebound.
15:09 of 3rd period - Snap shot by Clayton Keller.
15:09 of 3rd period - Stopped by Darcy Kuemper with a rebound.
16:37 of 3rd period - Roman Josi is hit by Teuvo Teravainen.
16:41 of 3rd period - Andrew Copp is hit by Michael Raffl and loses puck.
16:51 of 3rd period - Off-side.
16:52 of 3rd period - Kevin Hayes wins face-off versus Robert Thomas in neutral zone.
16:55 of 3rd period - Slapshot by Kevin Shattenkirk.
16:55 of 3rd period - Shot Misses the Net.
16:59 of 3rd period - Snap shot by Kevin Hayes.
16:59 of 3rd period - Stopped by Darcy Kuemper with a rebound.
17:02 of 3rd period - Icing by Alex Pietrangelo.
17:03 of 3rd period - Andrew Copp wins face-off versus Robert Thomas in Sharks zone.
17:04 of 3rd period - Snap shot by Joonas Donskoi.
17:04 of 3rd period - Stopped by Darcy Kuemper without a rebound.
17:05 of 3rd period - Andrew Copp wins face-off versus Dylan Larkin in Sharks zone.
17:40 of 3rd period - Slapshot by Jonathan Drouin.
17:40 of 3rd period - Shot Misses the Net.
18:18 of 3rd period - Kevin Shattenkirk is hit by Gabriel Landeskog and loses puck.
18:37 of 3rd period - Sabres, Martin Jones is pulled from the net.
19:15 of 3rd period - Snap shot by Paul Stastny.
19:15 of 3rd period - Shot Blocked by Mark Borowiecki.
19:17 of 3rd period - Snap shot by Josh Anderson.
19:17 of 3rd period - Shot Blocked by Tyson Barrie.
19:19 of 3rd period - Slapshot by Viktor Arvidsson.
19:19 of 3rd period - Stopped by Darcy Kuemper without a rebound.
19:20 of 3rd period - Phil Housley call a timeout for Sabres.
19:20 of 3rd period - Paul Stastny wins face-off versus Dylan Larkin in Sharks zone.
19:41 of 3rd period - Snap shot by Josh Anderson.
19:41 of 3rd period - Stopped by Darcy Kuemper without a rebound.
19:42 of 3rd period - Gabriel Landeskog wins face-off versus Viktor Arvidsson in Sharks zone.
19:51 of 3rd period - Andrew MacDonald is hit by Dylan Larkin and loses puck.
Goals for this period are 0 for Sharks vs 0 for Sabres.
Shots for this period are 7 for Sharks vs 14 for Sabres.